 Dungeon Crawl Stone Soup version 0.18-b1-16-g289874d (webtiles) character file.

259 theY the Chopper (level 6, 0/78 HPs)
             Began as a Hill Orc Gladiator on May 1, 2016.
             Succumbed to a worker ant's poison
             ... on level 3 of the Dungeon.
             The game lasted 00:04:18 (2343 turns).

theY the Chopper (Hill Orc Gladiator)               Turns: 2343, Time: 00:04:19

Health: 0/78       AC: 23    Str: 18    XL:     6   Next: 17%
Magic:  15/15      EV:  2    Int: 12    God:
Gold:   123        SH:  0    Dex: 11    Spells: 0 memorised, 5 levels left

rFire  . . .     SeeInvis .     a - +0 war axe
rCold  . . .     Gourm    .     (armour currently unavailable)
rNeg   + + +     Faith    .     (no shield)
rPois  +         Spirit   .     (helmet currently unavailable)
rElec  .         Dismiss  .     (cloak currently unavailable)
rCorr  .         Reflect  .     (gloves currently unavailable)
SustAt .         Harm     .     (boots currently unavailable)
MR     .....     NoTele   +     (no amulet)
Stlth  ++........               s - ring of magical power
                                m - +2 ring of intelligence

@: lethally poisoned (0 -> -7), tree-form, not resistant to hostile
enchantments, unstealthy
A: no striking features
a: no special abilities


You were on level 3 of the Dungeon.
You were hungry.
You were a tree.
You visited 1 branch of the dungeon, and saw 4 of its levels.

You collected 123 gold pieces.

Inventory:

Hand Weapons
 a - a +0 war axe (weapon)
 i - a +2 trident of venom
 t - a cursed -1 dagger
Missiles
 d - 3 throwing nets (quivered)
Armour
 b - a +0 leather armour (melded)
 c - a +0 helmet (melded)
Jewellery
 m - a +2 ring of intelligence (left branch)
 q - a cursed ring of teleportation {unknown}
 s - a ring of magical power (right branch)
Scrolls
 e - 3 scrolls of remove curse {unknown}
 g - a scroll of enchant weapon {unknown}
 j - 4 scrolls of identify {unknown}
 n - 2 scrolls of immolation {unknown}
 o - a scroll of teleportation {unknown}
 v - a scroll of noise {unknown}
 w - a scroll of recharging {unknown}
Potions
 h - 2 potions of might
 l - a potion of lignification
 r - a potion of haste {unknown}
Books
 u - a book of the Sky

   Spells                             Type                      Level
   a - Summon Lightning Spire         Summoning/Air                4
   b - Airstrike                      Air                          4
   c - Silence                        Hexes/Air                    5
   d - Deflect Missiles               Charms/Air                   6
   e - Conjure Ball Lightning         Conjuration/Air              6
   f - Tornado                        Air                          9
Comestibles
 f - 2 bread rations
 k - a meat ration


   Skills:
 + Level 4.0 Fighting
 + Level 5.5 Axes
 + Level 1.9 Throwing
 + Level 1.5 Armour
 + Level 3.6 Dodging
 + Level 1.5 Stealth


You had 5 spell levels left.
You didn't know any spells.

Dungeon Overview and Level Annotations

Branches:
Dungeon (4/15)
 Temple: D:4-7

Altars:
Gozag
Zin


Message History

* * * LOW HITPOINT WARNING * * *
You feel sick.
The orc wizard hits you but does no damage.
The worker ant bites you but does no damage.
You barely miss the worker ant.
The worker ant is almost dead.
You hit the orc wizard but do no damage.
* * * LOW HITPOINT WARNING * * *
You feel sick.
The worker ant bites you but does no damage.
The orc wizard hits you but does no damage.
The worker ant bites you.
* * * LOW HITPOINT WARNING * * *
The orc wizard barely misses you.
You hit the worker ant.
You kill the worker ant!
Your Fighting skill increases to level 4!
You closely miss the orc wizard.
You are feeling hungry.
You die...

######.#
#...##.#
#.#.##.#
#.#....###
#.#......##
#.........#
###.......#
###########.####
#..♣o..........#
#..†...##......#
#......##......#
#......##......#
#..............#
#########......#
###.....#......#
#.......#.######
#.......#[#
#####


You could see an orc wizard.

Vanquished Creatures
  A hound (D:3)
  Natasha (thrice) (D:3)
  A worker ant (D:3)
  2 hound skeletons
  3 adders (D:3)
  3 oozes
  An adder skeleton (D:4)
  2 dart slugs
  3 giant geckos
  6 orcs (D:3)
  2 ball pythons
  A giant cockroach (D:2)
  8 goblins
  7 hobgoblins
  8 kobolds
  A quokka (D:2)
  2 bats
  4 rats
58 creatures vanquished.

Notes
Turn   | Place    | Note
--------------------------------------------------------------
     0 | D:1      | theY the Hill Orc Gladiator began the quest for the Orb.
     0 | D:1      | Reached XP level 1. HP: 18/18 MP: 1/1
    97 | D:2      | Reached XP level 2. HP: 25/25 MP: 2/2
   131 | D:2      | Found a glowing silver altar of Zin.
   414 | D:1      | Reached XP level 3. HP: 25/30 MP: 3/3
   801 | D:3      | Reached skill level 5 in Axes
   808 | D:3      | Reached XP level 4. HP: 28/37 MP: 4/4
   833 | D:3      | Found an opulent altar of Gozag.
   899 | D:3      | Found a faded altar to an unknown god.
  1049 | D:3      | Reached skill level 1 in Stealth
  1060 | D:3      | Noticed Natasha
  1068 | D:3      | Killed Natasha
  1068 | D:3      | Reached XP level 5. HP: 7/45 MP: 5/5
  1597 | D:3      | Noticed Natasha
  1604 | D:3      | Killed Natasha
  1661 | D:3      | Reached skill level 1 in Armour
  1677 | D:3      | Noticed Natasha
  1688 | D:3      | Killed Natasha
  2325 | D:4      | Reached XP level 6. HP: 48/52 MP: 6/6
  2341 | D:3      | HP: 3/78 [poisoned by a worker ant]
  2342 | D:3      | HP: 1/78 [worker ant (1)]
  2343 | D:3      | Succumbed to a worker ant's poison

Skill      XL: |  1  2  3  4  5  6 |
---------------+-------------------+-----
Axes           | 5 |  5.5
Dodging        | 3 |  3.6
Stealth        | 1 |  1.5
Fighting       | 3 4 |  4.0
Armour         | 1 |  1.5
Throwing       | |  1.9

Action                   |  1- 3 |  4- 6 || total
-------------------------+-------+-------++-------
Melee: War axe           |    74 |   151 ||   225
  Use: Potion            |       |     2 ||     2
 Stab: Sleeping          |       |     1 ||     1
  Eat: Chunk             |       |     3 ||     3
       Beef jerky        |       |     1 ||     1
Armor: Leather armour    |    26 |    37 ||    63
       Skin              |       |     3 ||     3
Dodge: Dodged            |    49 |   126 ||   175
